 Dungeon Crawl Stone Soup version 0.23.2-1-ga50397a6bc (webtiles) character file.

Game seed: 751105215176767617

1629 Mrkan the Grappler (level 8, -5/81 HPs)
             Began as a Troll Monk on May 18, 2019.
             Was a Believer of Yredelemnul.
             Slain by a manticore (8 damage)
             ... on level 7 of the Dungeon.
             The game lasted 00:07:12 (4224 turns).

Mrkan the Grappler (Troll Monk)                     Turns: 4224, Time: 00:07:13

Health: -5/81      AC:  6    Str: 22    XL:     8   Next: 65%
Magic:  9/9        EV: 10    Int:  6    God:    Yredelemnul [**....]
Gold:   385        SH:  0    Dex: 12    Spells: 7/7 levels left

rFire    . . .     SeeInvis .     - Unarmed
rCold    . . .     Gourm    +   (no shield)
rNeg     . . .     Faith    .   a - +0 robe
rPois    .         Spirit   .   (helmet restricted)
rElec    .         Reflect  .   (no cloak)
rCorr    .         Harm     .   (gloves unavailable)
MR       .....                  (boots unavailable)
Stlth    ++........             (no amulet)
HPRegen  0.63/turn              (no ring)
MPRegen  0.11/turn              (no ring)

@: no status effects
A: large, unfitting armour, claws 3, fast metabolism 3, gourmand, regeneration
1, shaggy fur 1, tough skin 3
a: Animate Remains, Recall Undead Slaves, Injury Mirror, Renounce Religion


You were on level 7 of the Dungeon.
You worshipped Yredelemnul.
Yredelemnul was pleased with you.
You were not hungry.

You visited 1 branch of the dungeon, and saw 7 of its levels.

You collected 385 gold pieces.

Inventory:

Armour
 a - a +0 robe (worn)
 q - a +0 cloak
Jewellery
 n - an uncursed amulet of faith {unknown}
 t - an uncursed ring of protection from fire {unknown}
 y - a +5 ring of strength {unknown}
 z - an uncursed ring of protection from cold {unknown}
Wands
 v - a wand of polymorph (6)
 x - a wand of paralysis (13)
Scrolls
 c - 6 scrolls of identify {unknown}
 e - 4 scrolls of remove curse {unknown}
 g - 2 scrolls of enchant weapon {unknown}
 i - a scroll of teleportation {unknown}
 j - a scroll of amnesia {unknown}
 k - a scroll of fog {unknown}
 l - 2 scrolls of enchant armour {unknown}
 s - 2 scrolls of magic mapping {unknown}
Potions
 d - 2 potions of degeneration {unknown}
 f - a potion of ambrosia {unknown}
 h - 2 potions of cancellation {unknown}
 m - 2 potions of invisibility {unknown}
 o - a potion of haste {unknown}
 p - a potion of brilliance {unknown}
 u - a potion of curing {unknown}
 w - a potion of flight {unknown}
Comestibles
 b - 13 rations


   Skills:
 + Level 5.5 Fighting
 - Level 2.4 Dodging
 - Level 1.0 Stealth
 * Level 9.1 Unarmed Combat
 + Level 2.8 Invocations


You had 7 spell levels left.
You didn't know any spells.
Your spell library contained the following spells:

 Spells                   Type           Power        Failure   Level  Hunger
 Confusing Touch          Hex            #.....       45%         1    ##.....
 Confuse                  Hex            #.......     83%         3    ####...
 Gell's Gravitas          Tloc           #.........   83%         3    ####...
 Petrify                  Tmut/Erth      #.......     99%         4    #####..
 Metabolic Englaciation   Hex/Ice        #.........   100%        5    ######.
 Yara's Violent Unravell  Hex/Tmut       #.........   100%        5    ######.


Dungeon Overview and Level Annotations

Branches:
Dungeon (7/15)             Temple (0/1) D:6

Altars:
Elyvilon
Makhleb
Nemelex Xobeh
Vehumet
Wu Jian
Yredelemnul

Shops:
D:5 *


Innate Abilities, Weirdness & Mutations

You are too large for most types of armour.
You have claws for hands.
Your metabolism is lightning-fast.
You like to eat raw meat.
Your natural rate of healing is unusually fast.
You are covered in fur. (AC +1)
You have extremely tough skin. (AC +3)


Message History

It was a potion of heal wounds.
You feel much better. The manticore bites you!
* * * LOW HITPOINT WARNING * * *
The manticore claws you.
* * * LOW HITPOINT WARNING * * *
The manticore completely misses you.
You feel much better. The manticore bites you!!
The manticore closely misses you. The manticore claws you!
* * * LOW HITPOINT WARNING * * *
You claw the manticore!
The manticore is heavily wounded.
The manticore bites you but does no damage.
The manticore claws you!
* * * LOW HITPOINT WARNING * * *
The manticore claws you.
* * * LOW HITPOINT WARNING * * *
You claw the manticore!
The manticore is severely wounded.
The manticore bites you!
You die...
Your body rises from the dead as a mindless zombie.

#)# ... .#
###.###
#........
#.....#
#?......#
#.....#
#.....r.
#.....#
#.....H
#.>...# .....
#.....# ... #
#. ####.##
#.#####.##..
#.#
#.##@.......
#.#
#.##H##.####
#.# #..).(..#
#.# ####.####
#.#########.#
#...........#
#############


You could see a manticore.

Vanquished Creatures
  An ice beast (D:7)
  A sky beast (D:5)
  2 ogres
  A centaur (D:5)
  4 bullfrogs
  Blork the orc (D:6)
  A scorpion (D:7)
  An electric eel (D:6)
  A howler monkey (D:7)
  A crimson imp (D:4)
  3 hounds
  3 orc priests
  5 orc wizards
  A centaur skeleton (D:5)
  3 worker ants
  A hound skeleton (D:5)
  7 gnolls
  7 adders
  A shadow imp (D:5)
  2 oozes
  An adder zombie (D:7)
  2 adder skeletons
  3 worms
  6 leopard geckos
  25 orcs
  5 bats
  9 giant cockroaches
  7 goblins
  5 hobgoblins
  3 jackals (D:2)
  8 kobolds
  4 quokkas
  2 ball pythons
  3 frilled lizards
  A leopard gecko skeleton (D:7)
  A quokka zombie (D:5)
  6 rats
138 creatures vanquished.

Notes
Turn   | Place    | Note
-------+----------+-------------------------------------------
     0 | D:1      | Mrkan the Troll Monk began the quest for the Orb.
     0 | D:1      | Reached XP level 1. HP: 22/22 MP: 0/0
   276 | D:1      | Reached XP level 2. HP: 23/29 MP: 1/1
   755 | D:2      | Reached skill level 4 in Unarmed Combat
   755 | D:2      | Reached XP level 3. HP: 36/36 MP: 2/2
   779 | D:2      | Reached XP level 4. HP: 31/45 MP: 3/3
   852 | D:2      | Found a radiant altar of Vehumet.
   855 | D:2      | Reached skill level 5 in Unarmed Combat
   855 | D:2      | Reached XP level 5. HP: 52/53 MP: 4/4
  1456 | D:3      | Reached XP level 6. HP: 34/62 MP: 5/5
  1488 | D:3      | Reached skill level 6 in Unarmed Combat
  2387 | D:4      | Reached XP level 7. HP: 32/71 MP: 6/6
  2532 | D:5      | Entered Level 5 of the Dungeon
  2588 | D:5      | Reached skill level 7 in Unarmed Combat
  2629 | D:5      | Found a white marble altar of Elyvilon.
  2756 | D:5      | Found a basalt altar of Yredelemnul.
  2764 | D:5      | Became a worshipper of Yredelemnul the Dark
  2764 | D:5      | Reached * piety under Yredelemnul
  2764 | D:5      | Reached ** piety under Yredelemnul
  2833 | D:5      | Found Paaxtaeh's General Store.
  2869 | D:5      | Found a burning altar of Makhleb.
  3146 | D:6      | Found a staircase to the Ecumenical Temple.
  3262 | D:6      | Reached skill level 8 in Unarmed Combat
  3262 | D:6      | Reached skill level 1 in Invocations
  3264 | D:6      | Reached skill level 5 in Fighting
  3264 | D:6      | Reached XP level 8. HP: 49/80 MP: 7/7
  3296 | D:6      | Noticed Blork the orc
  3305 | D:6      | Killed Blork the orc
  3434 | D:6      | Found an ornate altar of the Wu Jian Council.
  3982 | D:7      | Found a sparkling altar of Nemelex Xobeh.
  4033 | D:7      | Reached skill level 9 in Unarmed Combat
  4210 | D:7      | Noticed a manticore
  4223 | D:7      | HP: 2/81 [manticore (6)]
  4224 | D:7      | Slain by a manticore

Skill      XL: |  1  2  3  4  5  6  7  8 |
---------------+-------------------------+-----
Unarmed Combat | 4 5 6 8 9 |  9.1
Fighting       | 3 4 5 |  5.5
Invocations    | 1 2 |  2.8
Dodging        | |  2.4
Stealth        | |  1.0

Action                   |  1- 3 |  4- 6 |  7- 9 || total
-------------------------+-------+-------+-------++-------
Melee: Unarmed           |    89 |   167 |   166 ||   422
       Punch             |       |     5 |     2 ||     7
  Use: Potion            |       |       |     2 ||     2
 Stab: Sleeping          |     1 |     2 |     1 ||     4
  Eat: Chunk             |     3 |    11 |    13 ||    27
       Ration            |       |     2 |     1 ||     3
Armor: Robe              |    38 |    65 |    55 ||   158
Dodge: Dodged            |    48 |   102 |    73 ||   223
